[Event "Karel Janecek Open 2025"]
[Site "Prague"]
[Date "2025.03.04"]
[Round "6.11"]
[White "Agmanov, Zhandos"]
[Black "Jacobsen, Mikkel Manosri"]
[Result "1-0"]
[Annotator "TA"]
[ECO "B12"]
[WhiteElo "2469"]
[BlackElo "2314"]
[PlyCount "63"]
[EventDate "2025.02.21"]
[EventType "swiss"]
[EventCountry "CZE"]
[SourceTitle "playchess.com"]
[Source "ChessBase"]
[SourceQuality "1"]
[TimeControl "40/5400+30:1800+30"]

1. e4 c6 2. d4 d5 3. e5 Bf5 4. h4 h5 5. Bd3 Bxd3 6. Qxd3 {[%emt 0:00:03][%cal Oe5e6] B12: Caro-Kann: Advance Variation.} Qa5+ {[%emt 0:00:06] outshines the older 6...e6.} 7. Nd2 e6 8. Ne2 {[%emt 0:01:14] The position is equal.} Nh6 9. O-O Nf5 10. Nf3 Qb5 11. Qd1 c5 12. Bg5 Nc6 13. a4 $146 (13. b3 cxd4 14. Nexd4 Nfxd4 15. Nxd4 Nxd4 16. Qxd4 Bc5 17. Qd1 Qd7 18. Qe2 Be7 19. c4 Bxg5 20. hxg5 {½-½ Draskovic,L (2472)-Damjanovic,V (2328) SRB-chT Premier 2020 (1.6)}) 13... Qa5 {[%emt 0:03:24] [#]} 14. c4 $1 cxd4 15. Nexd4 Ncxd4 16. Nxd4 Nxd4 17. Qxd4 Bc5 18. Qf4 dxc4 ({Better is} 18... Qb4 $14) 19. Rfc1 (19. Qxc4 O-O $11) (19. Rac1 $1 $16) 19... b5 (19... Qb6 $14) 20. axb5 $16 Qxb5 21. Rxc4 (21. Qxc4 $6 Qxc4 22. Rxc4 Bb6 $11) 21... Bb6 (21... Qxb2 $2 22. Rac1 Qxf2+ 23. Qxf2 Bxf2+ 24. Kxf2 $18) (21... Bxf2+ $2 22. Kxf2 Qxb2+ 23. Qd2 Qxd2+ (23... Qxa1 $2 24. Qb4 $18) 24. Bxd2 $18) 22. Rac1 O-O (22... Qd7 $16 {keeps fighting.}) 23. R4c3 $2 (23. Bf6 $1 $18 gxf6 24. Qxf6) 23... Qxb2 $11 24. Be7 Rfe8 25. Ba3 $36 {[%emt 0:02:02][%mdl 2048] White is more active.} Qb5 26. Rf3 Qd7 27. Rcc3 {[%emt 0:03:00] Hoping for Rg3.} Red8 $2 (27... Rac8 $11 {and Black has nothing to worry.} 28. Rcd3 Qb7) 28. Qg5 $2 ({Only move:} 28. Rg3 $1 $18 {[%cal Rg3g7] Intending Rxg7+! and mate.} g6 29. Rcf3) 28... Rac8 $2 {[%emt 0:01:57] [#]} (28... Qd2 $17 {[%cal Ob6f2] and ...Bxf2+! should not be overlooked} 29. Qxh5 g6) 29. Be7 $1 $18 g6 $2 {[%emt 0:09:26] [#]} (29... Bxf2+ $16 30. Rxf2 Qd1+ 31. Kh2 Rxc3) 30. Rxf7 $1 {[%emt 0:00:41] White mates.} Qd1+ 31. Kh2 Qg4 32. Qf6 {[%emt 0:00:21] Weighted Error Value: White=0.25 (precise) /Black=0.66  Loses game:     	---       	Black=3      Missed win:     	White=2     	---        Mistake:       	White=1     	Black=3      Inaccurate:     	---       	Black=2      OK:         	White=7     	Black=9      Best:        	White=2     	Black=3      Strong:       	White=1     	---        Brilliant:      	White=1     	---} 1-0

[Event "Karel Janecek Open 2025"]
[Site "Prague"]
[Date "2025.03.04"]
[Round "6.12"]
[White "Polyakov, Maxim"]
[Black "Urazayev, Arystanbek"]
[Result "1/2-1/2"]
[Annotator "TA"]
[ECO "A50"]
[WhiteElo "2327"]
[BlackElo "2467"]
[PlyCount "31"]
[EventDate "2025.02.21"]
[EventType "swiss"]
[EventCountry "CZE"]
[SourceTitle "playchess.com"]
[Source "ChessBase"]
[SourceQuality "1"]
[TimeControl "40/5400+30:1800+30"]

1. d4 Nf6 2. Nf3 b6 3. g3 Bb7 4. Bg2 g6 5. O-O Bg7 6. c4 O-O 7. Nc3 Ne4 8. Bd2 {[%emt 0:00:05] A50: Queen's Fianchetto Defence (1 d4 Nf6 2 c4 b6).} d6 9. Qc2 Nxd2 10. Qxd2 {[%emt 0:00:01] The position is equal.} Nd7 11. e4 e5 12. Rfe1 a6 13. Rad1 Re8 $146 (13... exd4 14. Nxd4 Nc5 15. f4 Qd7 16. Nd5 b5 17. e5 bxc4 18. Nf6+ Bxf6 19. Bxb7 dxe5 20. fxe5 {1-0 Pirc,V-Subaric,M YUG-ch04 Belgrade 1948 (2)}) 14. dxe5 Nxe5 15. Nxe5 dxe5 16. Qxd8 {[%emt 0:00:06] A rather calm draw.   Weighted Error Value: White=0.05 (flawless) /Black=0.07 (flawless)   Mistake:       	White=1     	---        Inaccurate:     	White=1     	Black=1      OK:         	White=2     	Black=4} (16. Qc1 $142 Qf6 17. Nd5 Bxd5 18. cxd5) 1/2-1/2

[Event "Karel Janecek Open 2025"]
[Site "Prague"]
[Date "2025.03.04"]
[Round "6.13"]
[White "Simek, Petr"]
[Black "Kraus, Tomas"]
[Result "1/2-1/2"]
[Annotator "TA"]
[ECO "D30"]
[WhiteElo "2322"]
[BlackElo "2451"]
[PlyCount "28"]
[EventDate "2025.02.21"]
[EventType "swiss"]
[EventCountry "CZE"]
[SourceTitle "playchess.com"]
[Source "ChessBase"]
[SourceQuality "1"]
[TimeControl "40/5400+30:1800+30"]

1. d4 d5 2. c4 e6 3. Nf3 Bb4+ 4. Bd2 a5 5. a3 Be7 6. Nc3 {[%emt 0:03:42] D30: Queen's Gambit Declined: Systems without Nc3.} Nf6 7. Bf4 O-O 8. e3 {[%emt 0:00:24] White is slightly better.} b6 9. cxd5 Nxd5 {[%emt 0:05:00] The position is equal.} 10. Nxd5 exd5 11. Bd3 {[%emt 0:18:16] aiming for Qc2.} c5 12. O-O $146 (12. Ne5 Ba6 13. O-O Bxd3 14. Qxd3 c4 15. Qf5 Qc8 16. Qh5 Nd7 17. Rfe1 f5 18. Qf3 Nxe5 19. Bxe5 {½-½ Espinosa,P (2229)-Nagy,G (2468) New York Mem Day 1000 GM IM-B 2023 (5.2)}) 12... Nc6 13. dxc5 bxc5 14. e4 Be6 {[%emt 0:17:57] Weighted Error Value: White=0.13 (very precise) /Black=0.08 (flawless)   Inaccurate:     	White=1     	---        OK:         	White=1     	Black=4} 1/2-1/2

[Event "Karel Janecek Open 2025"]
[Site "Prague"]
[Date "2025.03.04"]
[Round "6.14"]
[White "Rubes, Jan"]
[Black "Atoyan, Alberto"]
[Result "1/2-1/2"]
[Annotator "ChessBase"]
[ECO "D41"]
[WhiteElo "2444"]
[BlackElo "2235"]
[PlyCount "131"]
[EventDate "2025.02.21"]
[EventType "swiss"]
[EventCountry "CZE"]
[SourceTitle "playchess.com"]
[Source "ChessBase"]
[SourceQuality "1"]
[TimeControl "40/5400+30:1800+30"]

1. Nf3 Nf6 2. c4 e6 3. Nc3 d5 4. d4 c5 5. cxd5 Nxd5 6. e4 Nxc3 7. bxc3 cxd4 8. cxd4 Bb4+ 9. Bd2 Bxd2+ 10. Qxd2 O-O 11. h4 Nc6 12. Rd1 b6 13. Bb5 Bb7 14. O-O a6 15. Bxc6 Bxc6 16. Qf4 Rc8 17. d5 exd5 18. e5 d4 19. Nxd4 Qd5 20. Qg3 Qe4 21. Rfe1 Qg6 22. Qh3 Kh8 23. h5 Qg5 24. e6 Bb7 25. Re3 Rce8 26. exf7 Rxe3 27. fxe3 Qd5 28. Qf3 h6 29. e4 Qe5 30. Qf5 Qe7 31. Rf1 Bc8 32. Qd5 Bb7 33. Qf5 Bc8 34. Qd5 Bb7 35. Qe6 Qc5 36. Rd1 Qxh5 37. Rf1 Qc5 38. Rd1 Qh5 39. Rf1 Qc5 40. Rd1 Bc8 41. Qe8 Bg4 42. Rd2 Bh5 43. Qxf8+ Qxf8 44. Ne6 Qxf7 45. Rd8+ Qg8 46. Rxg8+ Kxg8 47. Nc7 a5 48. Kf2 Bf7 49. a3 Bc4 50. Ke3 Kf7 51. Kd4 Bf1 52. g3 g5 53. Ke5 b5 54. Kd6 b4 55. axb4 axb4 56. e5 Bc4 57. Kc5 b3 58. Kxc4 b2 59. e6+ Ke7 60. Nd5+ Kxe6 61. Nc3 Kf5 62. Kb3 Kg4 63. Kxb2 Kxg3 64. Kc2 h5 65. Ne4+ Kf4 66. Nxg5 1/2-1/2

[Event "Karel Janecek Open 2025"]
[Site "Prague"]
[Date "2025.03.04"]
[Round "6.15"]
[White "Prazak, Daniel"]
[Black "Druska, Juraj"]
[Result "1/2-1/2"]
[Annotator "TA"]
[ECO "C41"]
[WhiteElo "2319"]
[BlackElo "2442"]
[PlyCount "39"]
[EventDate "2025.02.21"]
[EventType "swiss"]
[EventCountry "CZE"]
[SourceTitle "playchess.com"]
[Source "ChessBase"]
[SourceQuality "1"]
[TimeControl "40/5400+30:1800+30"]

1. e4 e5 2. Nf3 d6 3. d4 exd4 4. Nxd4 Nf6 5. Nc3 Be7 6. g3 O-O 7. Bg2 {[%emt 0:00:13] C41: Philidor Defence.} Re8 8. O-O Bf8 9. h3 {[%emt 0:00:36] White is slightly better.} c6 $1 {[%emt 0:00:42] 9...c6 is better than 9...Nbd7.} 10. g4 Na6 11. Bf4 Nc5 12. Re1 Ne6 13. Nxe6 $146 (13. Bg3 Nd7 14. Nb3 Ne5 15. f4 Nc4 16. f5 Nc7 17. Qd4 {½-½ Palac,M (2516)-Muse,D (2311) CRO-chT1A 30th 2022 (5.3)}) 13... Bxe6 14. Qd4 Qa5 15. b4 Qb6 16. Rad1 d5 17. exd5 cxd5 18. a3 Qxd4 19. Rxd4 Rec8 20. Nxd5 {[%emt 0:04:04] Weighted Error Value: White=0.07 (flawless) /Black=0.12 (very precise)   Inaccurate:     	White=1     	Black=3      OK:         	White=4     	Black=3      Best:        	White=1     	---} 1/2-1/2

[Event "Karel Janecek Open 2025"]
[Site "Prague"]
[Date "2025.03.04"]
[Round "6.16"]
[White "Dwilewicz, Katarzyna"]
[Black "Neuman, Petr"]
[Result "0-1"]
[Annotator "ChessBase"]
[ECO "B31"]
[WhiteElo "2190"]
[BlackElo "2436"]
[PlyCount "120"]
[EventDate "2025.02.21"]
[EventType "swiss"]
[EventCountry "CZE"]
[SourceTitle "playchess.com"]
[Source "ChessBase"]
[SourceQuality "1"]
[TimeControl "40/5400+30:1800+30"]

1. e4 c5 2. Nf3 Nc6 3. Bb5 g6 4. O-O Bg7 5. Bxc6 dxc6 6. h3 Nf6 7. d3 Nd7 8. a4 Nf8 9. a5 e5 10. Be3 Ne6 11. Nbd2 O-O 12. Nc4 f6 13. c3 Qe7 14. Re1 Rd8 15. Qc2 g5 16. Rad1 h5 17. Qe2 Qf7 18. Nfd2 Rb8 19. Nb3 b5 20. axb6 axb6 21. Ra1 Bf8 22. Red1 Nf4 23. Bxf4 exf4 24. e5 Re8 25. Qf3 Be6 26. Nbd2 b5 27. Ne4 Bd5 28. Ncd6 Bxd6 29. exd6 Kg7 30. g4 Rbd8 31. Re1 hxg4 32. hxg4 Kg6 33. b3 f5 34. gxf5+ Qxf5 35. c4 g4 36. Qg2 f3 37. Qg3 Rh8 38. Nf6 Kxf6 39. cxd5 Rh3 40. Re6+ Qxe6 41. Qxh3 gxh3 42. dxe6 Kxe6 43. Re1+ Kxd6 44. Re3 Rg8+ 45. Kh1 Rg4 46. Rxf3 Rb4 47. Rxh3 Rxb3 48. Kg2 Rc3 49. Kf1 c4 50. Rh6+ Kc5 51. dxc4 Rxc4 52. Ke2 Rd4 53. Ke3 Rd1 54. f4 b4 55. Rh8 Kc4 56. f5 Rf1 57. Ke4 b3 58. Rb8 c5 59. Ke5 Kc3 60. f6 b2 0-1

[Event "Karel Janecek Open 2025"]
[Site "Prague"]
[Date "2025.03.05"]
[Round "7.1"]
[White "Beerdsen, Thomas"]
[Black "Nyzhnyk, Illya"]
[Result "1/2-1/2"]
[Annotator "TA"]
[ECO "C42"]
[WhiteElo "2511"]
[BlackElo "2569"]
[PlyCount "47"]
[EventDate "2025.02.21"]
[EventType "swiss"]
[EventCountry "CZE"]
[SourceTitle "playchess.com"]
[Source "ChessBase"]
[SourceQuality "1"]
[TimeControl "40/5400+30:1800+30"]

1. e4 e5 2. Nf3 Nf6 3. Nxe5 d6 4. Nf3 Nxe4 5. Nc3 Nxc3 6. dxc3 Be7 7. Be3 O-O 8. Qd2 {[%emt 0:00:20] C42: Petroff Defence: 3 Nxe5 and unusual White 3rd moves.} Nd7 9. O-O-O Nf6 10. Bd3 {[%emt 0:00:11] The position is equal.} c5 {[%emt 0:00:29] 10...Re8 might become the main line.} 11. h4 Qa5 12. a3 d5 {[%emt 0:02:55] [#] White must now prevent ...c4.} 13. c4 Qxd2+ 14. Rxd2 h6 $146 (14... d4 15. Bf4 h6 16. Re2 Re8 17. Rhe1 Be6 18. Ne5 Bd6 19. Ng6 Red8 20. f3 fxg6 21. Bxd6 Rxd6 22. Rxe6 Rxe6 23. Rxe6 Kf7 24. Re5 b6 25. Kd2 {½-½ Burke,J (2583)-Nyzhnyk,I (2644) Dulles Cherry Blossom op 10th 2023 (6)}) 15. Re1 Be6 16. cxd5 {[%emt 0:02:25] White is more active.} Nxd5 17. Bc4 Nb6 18. Bxe6 fxe6 19. Rde2 Nc4 20. Kb1 Nxe3 21. Rxe3 Rf4 22. g3 Rf5 23. Rxe6 Bf6 24. Nd2 {[%emt 0:30:30] Weighted Error Value: White=0.03 (flawless) /Black=0.06 (flawless)   Inaccurate:     	---       	Black=1      OK:         	White=10    	Black=7      Best:        	White=1     	Black=1} 1/2-1/2

[Event "Karel Janecek Open 2025"]
[Site "Prague"]
[Date "2025.03.05"]
[Round "7.2"]
[White "Pechac, Jergus"]
[Black "Raja Rithvik R"]
[Result "1/2-1/2"]
[Annotator "TA"]
[ECO "B90"]
[WhiteElo "2603"]
[BlackElo "2522"]
[PlyCount "46"]
[EventDate "2025.02.21"]
[EventType "swiss"]
[EventCountry "CZE"]
[SourceTitle "playchess.com"]
[Source "ChessBase"]
[SourceQuality "1"]
[TimeControl "40/5400+30:1800+30"]

1. e4 c5 2. Nf3 d6 3. d4 cxd4 4. Nxd4 Nf6 5. Nc3 a6 6. a4 Nc6 7. Nxc6 $1 {[%emt 0:00:35][%mdl 4] now scores much better than the old 7.Be2. B90: Sicilian Najdorf: Unusual White 6th moves, 6 Be3 Ng4 and 6 Be3 e5.} bxc6 8. a5 e6 9. Bd3 d5 10. O-O Bb4 $146 (10... Be7 11. Re1 O-O 12. Bf4 Bb7 13. e5 Nd7 14. Re3 g6 15. Rh3 f5 16. exf6 Rxf6 {0-1 Carlsen,M (2835)-So,W (2769) Aimchess Rapid Div 1 W 2023 (4.3)}) 11. e5 Nd7 {[%emt 0:00:25] The position is equal.} 12. Qg4 Bf8 13. f4 g6 14. Be3 Rb8 15. Na4 (15. Qg3 {simplifies} Bc5 16. Bf2 Bxf2+ 17. Qxf2 O-O 18. b3) 15... Qxa5 16. Nb6 Qb4 17. c3 Qb3 18. Nxd7 Bxd7 19. Rxa6 Be7 20. Ra7 Bd8 21. Qg3 Bb6 $1 22. Bxb6 Qxb6+ 23. Qf2 Qxf2+ {[%emt 0:02:16] An uneventful encounter.   Weighted Error Value: White=0.03 (flawless) /Black=0.03 (flawless)   Inaccurate:     	White=1     	Black=1      OK:         	White=4     	Black=8      Best:        	White=1     	---        Strong:       	---       	Black=1} 1/2-1/2

[Event "Karel Janecek Open 2025"]
[Site "Prague"]
[Date "2025.03.05"]
[Round "7.3"]
[White "Grigoryan, Karen H."]
[Black "Agmanov, Zhandos"]
[Result "1-0"]
[Annotator "RC"]
[ECO "A00"]
[WhiteElo "2554"]
[BlackElo "2469"]
[PlyCount "59"]
[EventDate "2025.02.21"]
[EventType "swiss"]
[EventCountry "CZE"]
[SourceTitle "playchess.com"]
[Source "ChessBase"]
[SourceQuality "1"]
[TimeControl "40/5400+30:1800+30"]

1. g3 Nf6 2. Bg2 d5 3. d3 e6 4. f4 c5 5. e4 dxe4 6. dxe4 Qxd1+ 7. Kxd1 e5 8. c3 Bd7 9. Nd2 Bc6 10. Ngf3 Nxe4 11. Re1 Nxd2 12. Bxd2 e4 13. Ne5 f5 14. g4 Bd6 15. Nxc6 Nxc6 16. gxf5 O-O-O 17. Rxe4 Ne7 18. Bh3 Kc7 19. Kc2 Rdf8 20. Rg1 g6 21. fxg6 hxg6 22. Rg3 Rh4 23. Re6 Rfh8 24. Bg4 Rxh2 25. Rd3 Nc8 26. Rf6 Be7 27. Rd7+ Kb8 28. Bf3 Rf2 29. Rxb7+ Ka8 30. Bc6 1-0

[Event "Karel Janecek Open 2025"]
[Site "Prague"]
[Date "2025.03.05"]
[Round "7.4"]
[White "Zhao, Yuanhe"]
[Black "Ghazarian, Kirk"]
[Result "1/2-1/2"]
[Annotator "ChessBase"]
[ECO "D30"]
[WhiteElo "2466"]
[BlackElo "2493"]
[PlyCount "132"]
[EventDate "2025.02.21"]
[EventType "swiss"]
[EventCountry "CZE"]
[SourceTitle "playchess.com"]
[Source "ChessBase"]
[SourceQuality "1"]
[TimeControl "40/5400+30:1800+30"]

1. Nf3 d5 2. g3 Nf6 3. Bg2 e6 4. O-O Be7 5. c4 O-O 6. d4 c5 7. cxd5 exd5 8. Nc3 h6 9. dxc5 Bxc5 10. b3 Nc6 11. Bb2 Re8 12. Rc1 Be6 13. Na4 Be7 14. Nd4 Bd7 15. Nc5 Bxc5 16. Rxc5 Qb6 17. Rc1 Ne4 18. a3 a5 19. Ba1 Rac8 20. Rb1 Qc5 21. Nxc6 bxc6 22. b4 axb4 23. axb4 Qb6 24. Bd4 Qb5 25. Re1 Bf5 26. Rb2 Nd6 27. Bc5 Nc4 28. Ra2 Be4 29. Bf1 Ra8 30. Rxa8 Rxa8 31. f3 Bg6 32. Qd4 Na3 33. Ra1 Qb7 34. h4 Kh7 35. Qf4 Nb5 36. Rxa8 Qxa8 37. g4 h5 38. gxh5 Bxh5 39. Qg5 Bg6 40. h5 Bc2 41. Bh3 Kh8 42. h6 Qa1+ 43. Kf2 Bg6 44. Bd7 gxh6 45. Qxh6+ Kg8 46. Qf4 Qb2 47. Bxc6 Nc3 48. Bb5 Nxb5 49. Qb8+ Kh7 50. Qxb5 d4 51. Qc4 d3 52. Qh4+ Kg8 53. Qd8+ Kh7 54. Qh4+ Kg8 55. Qe7 Kh7 56. b5 dxe2 57. Qxe2 Qxe2+ 58. Kxe2 Bf5 59. Ke3 Kg6 60. Kd4 Bd7 61. Kc4 Be6+ 62. Kb4 Bd5 63. f4 Kf5 64. Be3 Ke6 65. Kc5 Be4 66. Kb6 Kd7 1/2-1/2

[Event "Karel Janecek Open 2025"]
[Site "Prague"]
[Date "2025.03.05"]
[Round "7.5"]
[White "Neuman, Petr"]
[Black "Ioannidis, Evgenios"]
[Result "0-1"]
[Annotator "RC"]
[ECO "C45"]
[WhiteElo "2436"]
[BlackElo "2484"]
[PlyCount "86"]
[EventDate "2025.02.21"]
[EventType "swiss"]
[EventCountry "CZE"]
[SourceTitle "playchess.com"]
[Source "ChessBase"]
[SourceQuality "1"]
[TimeControl "40/5400+30:1800+30"]

1. e4 e5 2. Nf3 Nc6 3. d4 exd4 4. Nxd4 Qf6 5. Nf3 Bb4+ 6. c3 Bc5 7. Be2 h6 8. O-O Nge7 9. Qc2 d6 10. b4 Bb6 11. a4 a6 12. Nbd2 Ne5 13. Nxe5 dxe5 14. Nc4 Ba7 15. b5 O-O 16. bxa6 bxa6 17. a5 Ng6 18. Be3 Bxe3 19. Nxe3 Nf4 20. Bc4 Be6 21. Qa2 Rad8 22. Rad1 Bh3 23. f3 Qg5 24. Kh1 Be6 25. Bxe6 Nxe6 26. Qe2 h5 27. Rfe1 g6 28. Nd5 c6 29. Nb4 Nf4 30. Qf1 h4 31. h3 Rb8 32. Qf2 c5 33. Nxa6 Rb5 34. Nc7 Rxa5 35. Nd5 Rfa8 36. Nxf4 Qxf4 37. Re2 Ra1 38. Qe1 R1a3 39. Red2 Kg7 40. Rd7 Ra2 41. Qf1 Rc2 42. Qc4 Raa2 43. Rg1 Qxf3 0-1

[Event "Karel Janecek Open 2025"]
[Site "Prague"]
[Date "2025.03.05"]
[Round "7.6"]
[White "Vykouk, Jan"]
[Black "Eren, Ataberk"]
[Result "1-0"]
[Annotator "ChessBase"]
[ECO "A11"]
[WhiteElo "2478"]
[BlackElo "2402"]
[PlyCount "97"]
[EventDate "2025.02.21"]
[EventType "swiss"]
[EventCountry "CZE"]
[SourceTitle "playchess.com"]
[Source "ChessBase"]
[SourceQuality "1"]
[TimeControl "40/5400+30:1800+30"]

1. c4 Nf6 2. Nf3 c6 3. g3 d5 4. Bg2 Bg4 5. Ne5 Bf5 6. cxd5 cxd5 7. Qa4+ Bd7 8. Nxd7 Qxd7 9. Qxd7+ Nbxd7 10. Nc3 e6 11. d3 Bd6 12. O-O O-O 13. Bd2 Rac8 14. Rfc1 a6 15. Nd1 Bc5 16. Kf1 Ng4 17. h3 Nge5 18. Rab1 b5 19. b4 Be7 20. a3 Nb6 21. f4 Ned7 22. e4 dxe4 23. Bxe4 Nd5 24. Bxd5 exd5 25. Ne3 Nb6 26. Bc3 Rfd8 27. Bd4 Na4 28. Nf5 Bf8 29. Rxc8 Rxc8 30. Bxg7 Rc2 31. Bf6 h5 32. Re1 Kh7 33. Bd4 Kg6 34. Nh4+ Kh7 35. Re5 f6 36. Rxh5+ Kg8 37. Rxd5 Ra2 38. Ng6 Bg7 39. f5 Rxa3 40. Rd8+ Kf7 41. Rd7+ Kg8 42. Nf4 Bh8 43. h4 Rb3 44. h5 Bg7 45. Ne6 Bh6 46. Bxf6 Rxb4 47. Bd4 Rb1+ 48. Kg2 Rd1 49. f6 1-0

[Event "Karel Janecek Open 2025"]
[Site "Prague"]
[Date "2025.03.05"]
[Round "7.7"]
[White "Noe, Christopher"]
[Black "Kistrup, Nicolai"]
[Result "1/2-1/2"]
[Annotator "TA"]
[ECO "D27"]
[WhiteElo "2511"]
[BlackElo "2374"]
[PlyCount "87"]
[EventDate "2025.02.21"]
[EventType "swiss"]
[EventCountry "CZE"]
[SourceTitle "playchess.com"]
[Source "ChessBase"]
[SourceQuality "1"]
[TimeControl "40/5400+30:1800+30"]

1. Nf3 d5 2. d4 Nf6 3. c4 dxc4 4. e3 e6 5. Bxc4 a6 6. O-O c5 7. dxc5 Bxc5 8. Qxd8+ Kxd8 9. Be2 Ke7 10. b3 b6 11. Ne5 Bb7 12. Nd2 Ne4 {[%emt 0:16:56] D27: Queen's Gambit Accepted: Classical main line: 7 e4!? and 7 a4.} 13. Nd3 Nd7 14. Nxe4 (14. Nxc5 $16 bxc5 15. Nc4) 14... Bxe4 $14 15. Nxc5 Nxc5 16. Ba3 {[%emt 0:01:21] And now b4 would win.} a5 17. f3 $146 (17. Rac1 Rac8 18. f3 Bb7 19. b4 axb4 20. Bxb4 Rhd8 21. a4 Ke8 22. a5 Ba6 23. Bxa6 Nxa6 24. Bc3 bxa5 25. Bxa5 Rxc1 26. Rxc1 Rd5 {½-½ Pechac,J (2498)-Bochnicka,V (2151) Skalica Masters op 2020 (1)}) 17... Bb7 18. Rfc1 Rhc8 19. Rc2 Rc7 20. Rac1 Rac8 21. Bb5 f6 22. e4 Kf7 23. Rd1 Bc6 24. Bc4 Rd7 25. Rdc1 Bb7 26. Bb5 Rdc7 27. Rd2 Bc6 28. Bf1 Be8 29. Rdc2 Rc6 30. Bb5 R6c7 31. Bf1 Rc6 32. b4 axb4 33. Bxb4 Na4 34. Rxc6 Rxc6 35. Rd1 Rc2 36. a3 Nc3 37. Rd8 Ne2+ 38. Bxe2 Rxe2 {[%emt 0:00:04][%mdl 4096] Endgame KRB-KRB} 39. Rb8 b5 40. Rb7+ Kg8 41. Rb8 Kf7 42. Rb7+ Kg8 43. Re7 Bf7 44. Rb7 {[%emt 0:00:00] Weighted Error Value: White=0.10 (very precise) /Black=0.06 (flawless)   Mistake:       	White=1     	---        Inaccurate:     	White=3     	Black=2      OK:         	White=15    	Black=14     Best:        	---       	Black=3} 1/2-1/2

[Event "Karel Janecek Open 2025"]
[Site "Prague"]
[Date "2025.03.05"]
[Round "7.8"]
[White "Polyakov, Maxim"]
[Black "Isik, Alparslan"]
[Result "0-1"]
[Annotator "TA"]
[ECO "A28"]
[WhiteElo "2327"]
[BlackElo "2477"]
[PlyCount "92"]
[EventDate "2025.02.21"]
[EventType "swiss"]
[EventCountry "CZE"]
[SourceTitle "playchess.com"]
[Source "ChessBase"]
[SourceQuality "1"]
[TimeControl "40/5400+30:1800+30"]

1. c4 e5 2. Nc3 Nc6 3. Nf3 Nf6 4. h3 Bb4 5. Nd5 Bd6 $146 (5... Bc5 6. e3 e4 7. d4 exd3 8. Bxd3 Nb4 9. Nxb4 Bxb4+ 10. Bd2 Qe7 11. Bxb4 Qxb4+ {½-½ Ivanchuk,V (2678)-Sarana,A (2685) Chess.com Rapid Wk2 Swiss 2022 (9)}) 6. d3 {[%emt 0:00:00] A28: English Opening: Four Knights Variation.} h6 7. e4 O-O 8. Be2 {[%emt 0:00:00] The position is equal.} Bc5 9. O-O d6 10. Be3 Be6 11. a3 a5 12. Rb1 Nd4 13. Bxd4 Bxd4 14. Nxd4 exd4 15. Nxf6+ Qxf6 16. f4 {[%emt 0:01:54] Not much happening anymore} a4 17. Bg4 Bxg4 18. Qxg4 Ra6 19. Qd7 Qd8 20. Qxd8 Rxd8 $11 {[%emt 0:00:03][%mdl 4096] Endgame KRR-KRR} 21. b4 axb3 22. Rxb3 b6 23. Ra1 Ra5 24. Rb5 Rda8 25. Rd5 Rxa3 26. Rxa3 Rxa3 27. Rxd4 {[%emt 0:00:03] KR-KR} Kf8 28. e5 dxe5 29. fxe5 Ke7 {[%emt 0:00:10] Repels Rd7+} 30. Rd5 Ke6 31. Kf2 Ra5 32. Rd8 Rxe5 33. Rg8 g6 34. Rc8 Kd7 35. Rf8 {[%emt 0:00:34] [#]} Re7 $1 36. g4 c6 37. Rh8 b5 38. cxb5 cxb5 39. Rb8 (39. h4 $142) 39... Kc6 $19 40. d4 (40. Rc8+ $142 Kb7 41. Rd8) 40... Rb7 41. d5+ Kc7 (41... Kxd5 $2 {is the wrong capture.} 42. Rxb7 Ke6 43. Ke3 $18 (43. Rxb5 Kf6 $18)) 42. Ra8 (42. Rxb7+ Kxb7 43. h4 Kc7 $19) (42. Rf8 Kd6 43. Ke3) 42... b4 {[%emt 0:00:09] [#] Threatens to win with ...b3. Black is clearly winning.} 43. Ke3 b3 {[%emt 0:00:05] ( -> ...b2)} 44. Ra1 b2 45. Rb1 Kd6 46. Kd4 f5 {[%emt 0:00:08] Weighted Error Value: White=0.34/Black=0.05 (flawless)   Mistake:       	White=3     	---        Inaccurate:     	White=4     	Black=3      OK:         	White=9     	Black=17     Best:        	---       	Black=4} 0-1